 Dungeon Crawl Stone Soup version 0.27.1-3-gb3d3a73c9e (webtiles) character file.

Game seed: 2282041961130103938

2634 BOMJPIETVODKU the Magician (level 9, -10/66 HPs)
             Began as a Gnoll Earth Elementalist on Oct 29, 2021.
             Was a Follower of Cheibriados.
             Mangled by Harold (16 damage)
             ... on level 7 of the Dungeon.
             The game lasted 00:18:28 (8470 turns).

BOMJPIETVODKU the Magician (GnEE)                   Turns: 8470, Time: 00:18:29

Health: -10/66     AC:  7    Str: 11    XL:     9   Next: 61%
Magic:  5/19       EV:  9    Int: 20    God:    Cheibriados [*.....]
Gold:   172        SH:  0    Dex: 22    Spells: 15/21 levels left

rFire    . . .     SeeInvis .   o - +8 hand axe of Ugof {pain, rC+ Stlth+}
rCold    + . .     Faith    .   (no shield)
rNeg     . . .     Spirit   .   b - +0 robe
rPois    .         Reflect  .   q - +0 helmet
rElec    .         Harm     .   k - +1 cloak
rCorr    .         Rampage  .   v - +0 pair of gloves
Will     .....                  (no boots)
Stlth    +++++.....             (no amulet)
HPRegen  0.21/turn              j - +6 ring of dexterity
MPRegen  0.16/turn              t - ring of wizardry

@: brilliant, held, very slow
A: fangs 1, strong nose, distributed training, hooves 2, screaming 1
a: Renounce Religion, Bend Time


You were on level 7 of the Dungeon.
You worshipped Cheibriados.
Cheibriados was aware of your devotion.
You visited 2 branches of the dungeon, and saw 8 of its levels.
You also visited: Ossuary.

You collected 512 gold pieces.
You spent 340 gold pieces at shops.

Inventory:

Hand Weapons
 a - a +1 dagger
 o - the +8 hand axe of Ugof (weapon) {pain, rC+ Stlth+}
   (You found it on level 4 of the Dungeon)

   In the hands of one skilled in necromantic magic, it inflicts extra damage on
   living creatures.
   rC:        It protects you from cold.
   Stlth:     It makes you more stealthy.
Missiles
 c - 15 stones
 i - 14 poisoned darts
 m - a throwing net
 y - 5 javelins
Armour
 b - a +0 robe (worn)
 k - a +1 cloak (worn)
 q - a +0 helmet (worn)
 v - a +0 pair of gloves (worn)
Jewellery
 d - a ring of positive energy
 j - a +6 ring of dexterity (left hand)
 p - a ring of ice
 t - a ring of wizardry (right hand)
Wands
 e - a wand of mindburst (12)
 w - a wand of iceblast (5)
Scrolls
 n - 2 scrolls of enchant armour
 u - a scroll of fear
Potions
 f - 2 potions of degeneration
 g - 5 potions of curing
 l - 2 potions of ambrosia
 r - a potion of brilliance
 s - a potion of flight
 x - 2 potions of lignification


   Skills:
 + Level 4.4 Fighting
 + Level 4.4 Short Blades
 + Level 4.4 Long Blades
 + Level 4.4 Axes
 + Level 4.4 Maces & Flails
 + Level 4.4 Polearms
 + Level 4.4 Staves
 + Level 4.4 Slings
 + Level 4.4 Bows
 + Level 4.4 Crossbows
 + Level 4.4 Throwing
 + Level 4.4 Armour
 + Level 6.4 Dodging
 + Level 6.1 Stealth
 + Level 4.4 Shields
 + Level 4.4 Unarmed Combat
 + Level 6.7 Spellcasting
 + Level 3.6 Conjurations
 + Level 3.6 Hexes
 + Level 3.6 Summonings
 + Level 3.6 Necromancy
 + Level 3.6 Translocations
 + Level 4.3 Transmutations
 + Level 3.6 Fire Magic
 + Level 3.6 Ice Magic
 + Level 3.6 Air Magic
 + Level 6.6 Earth Magic
 + Level 3.6 Poison Magic
 + Level 4.9 Invocations
 + Level 4.4 Evocations


You had 15 spell levels left.
You knew the following spells:

 Your Spells              Type           Power      Damage    Failure   Level
a - Sandblast             Erth           100%       2d20      1%          1
b - Passwall              Tmut/Erth      35%        N/A       1%          2
c - Stone Arrow           Conj/Erth      82%        3d12      1%          3

Your spell library contained the following spells:

 Spells                   Type           Power      Damage    Failure   Level
 Magic Dart               Conj           100%       1d8       1%          1
 Static Discharge         Conj/Air       32%        N/A       1%          2
 Petrify                  Tmut/Erth      43%        N/A       4%          4
 Dispel Undead            Necr           32%        3d14      9%          4
 Sticky Flame             Conj/Fire      32%        2d5       9%          4
 Conjure Ball Lightning   Conj/Air       16%        3x3d6     75%         6
 Discord                  Hex            16%        N/A       100%        8
 Disjunction              Tloc           16%        N/A       100%        8


Dungeon Overview and Level Annotations

Branches:
Dungeon (7/15)             Temple (1/1) D:6         Ossuary (visited)

Altars:
Ashenzari
Cheibriados
Gozag
Kikubaaqudgha
Makhleb
Okawaru
Sif Muna
Vehumet
Yredelemnul
Zin

Shops:
D:1 :   D:4 !

Annotations:
D:7 Harold


Innate Abilities, Weirdness & Mutations

You have very sharp teeth.
Your uncanny sense of smell can sniff out nearby items.
Your experience applies equally to all skills.
You have hoof-like feet.
You occasionally shout uncontrollably at your foes.


Message History

Harold freezes you.
Casting: Stone Arrow (safe; 1% risk of failure)
Confirm with . or Enter, or press ? or * to list all spells.
Aiming: Stone Arrow (safe; 1% risk of failure)
Press: ? - help, Shift-Dir - straight line, f/p - Harold
Aim: Harold, wielding a +1 battleaxe of freezing, wearing a +2 chain mail of cold resistance and quivering a throwing net (moderately wounded, 86% to hit)
The stone arrow hits Harold!
Harold is moderately wounded.
Harold hits you with a +1 battleaxe of freezing!
Harold freezes you.
Casting: Stone Arrow (safe; 1% risk of failure)
Confirm with . or Enter, or press ? or * to list all spells.
Aiming: Stone Arrow (safe; 1% risk of failure)
Press: ? - help, Shift-Dir - straight line, f/p - Harold
Aim: Harold, wielding a +1 battleaxe of freezing, wearing a +2 chain mail of cold resistance and quivering a throwing net (moderately wounded, 86% to hit)
The stone arrow hits Harold!!
Harold is heavily wounded.
Harold hits you with a +1 battleaxe of freezing!
* * * LOW HITPOINT WARNING * * *
Harold freezes you.
* * * LOW HITPOINT WARNING * * *
It was a potion of mutation.
You feel extremely strange.
Your feet thicken and deform.
You feel the urge to shout.
Your feet thicken and deform.
Harold hits you with a +1 battleaxe of freezing!
* * * LOW HITPOINT WARNING * * *
Harold freezes you.
* * * LOW HITPOINT WARNING * * *
You feel much better.
Harold hits you with a +1 battleaxe of freezing.
Harold freezes you.
* * * LOW HITPOINT WARNING * * *
You feel better.
Harold hits you with a +1 battleaxe of freezing!
* * * LOW HITPOINT WARNING * * *
Harold freezes you.
* * * LOW HITPOINT WARNING * * *
You feel clever all of a sudden.
Harold hits you with a +1 battleaxe of freezing!
You die...

#.########## #.# #.#
###.#### ##.# #######
#......# ##..# .....(.
#.#.##.# #...#### .......
#.#.##.# .......# .....>.
#.#..#.## #...##.# .......
#.......# ##.###.#
......@####.##.#..# ### #.#
.......@..........# #.#
.......#.......##.# #.#
########....#### #
#.###########...#####.#
#...........#.........#
#..###..###.#..###########
#..<.)..###..............###
#..))#..#......##..#####.##.
#..#.#..#.#.##.##..##.##.#.#


You could see Harold.

Vanquished Creatures
  A wyvern (D:7)
  Sigmund (D:5)
  Edmund (D:5)
  2 water moccasins (D:7)
  2 orc warriors
  A sky beast (D:5)
  An ogre (D:5)
  A centaur (D:7)
  2 bullfrogs (D:6)
  Blork the orc (D:6)
  A gnoll sergeant (D:5)
  3 scorpions
  A wyvern zombie (D:6)
  A water moccasin zombie (D:6)
  A wyvern skeleton (D:7)
  2 centaur zombies (D:6)
  2 bullfrog zombies (D:6)
  Crazy Yiuf (D:4)
  A jelly (D:5)
  A gnoll shaman (D:6)
  5 orc priests
  A bullfrog skeleton (D:7)
  A hound (D:3)
  A centaur skeleton (D:6)
  3 iguanas
  6 orc wizards
  A killer bee zombie (D:6)
  2 mummies (Ossuary)
  A howler monkey zombie (D:6)
  11 gnolls
  3 howler monkey skeletons
  2 white imps
  An ufetubus (D:4)
  3 dart slugs
  11 orcs
  2 ball pythons
  5 bats
  2 endoplasms (D:1)
  5 giant cockroaches
  6 gnoll zombies (Ossuary)
  4 goblins
  3 hobgoblins
  8 jackals
  2 kobolds
  2 quokkas
  4 frilled lizards
  A goblin zombie (Ossuary)
  4 hobgoblin zombies (Ossuary)
  3 orc zombies (Ossuary)
  6 rats
136 creatures vanquished.

Notes
Turn   | Place    | Note
-------+----------+-------------------------------------------
     0 | D:1      | BOMJPIETVODKU the Gnoll Earth Elementalist began the quest
                  | for the Orb.
     0 | D:1      | Reached XP level 1. HP: 13/13 MP: 6/6
   204 | D:1      | Reached XP level 2. HP: 7/19 MP: 5/7
   959 | D:1      | Found Peabb's Book Emporium.
   972 | D:1      | Reached XP level 3. HP: 17/25 MP: 7/9
  1159 | D:1      | Reached skill level 5 in Spellcasting
  1642 | D:2      | Found a faded altar of an unknown god.
  1754 | D:2      | Reached skill level 1 in Invocations
  2368 | D:3      | Reached skill level 1 in Fighting
  2368 | D:3      | Reached skill level 1 in Short Blades
  2368 | D:3      | Reached skill level 1 in Long Blades
  2368 | D:3      | Reached skill level 1 in Axes
  2368 | D:3      | Reached skill level 1 in Maces & Flails
  2368 | D:3      | Reached skill level 1 in Polearms
  2368 | D:3      | Reached skill level 1 in Staves
  2368 | D:3      | Reached skill level 1 in Slings
  2368 | D:3      | Reached skill level 1 in Bows
  2368 | D:3      | Reached skill level 1 in Crossbows
  2368 | D:3      | Reached skill level 1 in Throwing
  2368 | D:3      | Reached skill level 1 in Armour
  2368 | D:3      | Reached skill level 1 in Shields
  2368 | D:3      | Reached skill level 1 in Unarmed Combat
  2368 | D:3      | Reached skill level 1 in Evocations
  2368 | D:3      | Reached XP level 4. HP: 28/32 MP: 6/11
  2473 | D:3      | Reached skill level 1 in Conjurations
  2473 | D:3      | Reached skill level 1 in Hexes
  2473 | D:3      | Reached skill level 1 in Summonings
  2473 | D:3      | Reached skill level 1 in Necromancy
  2473 | D:3      | Reached skill level 1 in Translocations
  2473 | D:3      | Reached skill level 1 in Fire Magic
  2473 | D:3      | Reached skill level 1 in Ice Magic
  2473 | D:3      | Reached skill level 1 in Air Magic
  2473 | D:3      | Reached skill level 1 in Poison Magic
  2592 | D:3      | Found a burning altar of Makhleb.
  2592 | D:3      | Noticed a blizzard demon
  3027 | D:3      | Reached XP level 5. HP: 37/37 MP: 9/12
  3252 | D:4      | Found a sand-covered staircase.
  3260 | Ossuary  | Entered an ossuary
  3872 | D:4      | Found a runed translucent door.
  3873 | D:4      | Noticed Crazy Yiuf
  3879 | D:4      | Killed Crazy Yiuf
  3961 | D:4      | Reached XP level 6. HP: 32/44 MP: 10/13
  4155 | D:4      | Identified the +8 hand axe of Ugof {pain, rC+ Stlth+}
  4331 | D:4      | Found Woman's Distillery.
  4340 | D:4      | Bought a potion of berserk rage for 50 gold pieces
  4340 | D:4      | Bought a potion of heal wounds for 50 gold pieces
  4340 | D:4      | Bought a potion of brilliance for 40 gold pieces
  4340 | D:4      | Bought a potion of ambrosia for 80 gold pieces
  4340 | D:4      | Bought a potion of flight for 30 gold pieces
  4340 | D:4      | Bought a potion of curing for 30 gold pieces
  4340 | D:4      | Bought a potion of curing for 30 gold pieces
  4340 | D:4      | Bought a potion of curing for 30 gold pieces
  4377 | D:4      | Learned a level 2 spell: Passwall
  4381 | D:4      | Learned a level 3 spell: Stone Arrow
  4569 | D:5      | Entered Level 5 of the Dungeon
  4604 | D:5      | Noticed Sigmund
  4611 | D:5      | Noticed Edmund
  4612 | D:5      | Killed Sigmund
  4613 | D:5      | Reached skill level 5 in Dodging
  4623 | D:5      | Reached XP level 7. HP: 27/50 MP: 1/15
  4629 | D:5      | Killed Edmund
  5021 | D:5      | Reached skill level 5 in Stealth
  5385 | D:5      | Reached XP level 8. HP: 57/57 MP: 16/16
  5628 | D:5      | HP: 2/58 [gnoll (4)]
  6599 | D:6      | Found a basalt altar of Yredelemnul.
  6941 | D:6      | Found a radiant altar of Vehumet.
  6944 | D:6      | Got Vehumet's Collected Works on Attacks
  6946 | D:6      | Found an ancient bone altar of Kikubaaqudgha.
  6947 | D:6      | Found a shimmering blue altar of Sif Muna.
  6998 | D:6      | Noticed Blork the orc
  7011 | D:6      | Killed Blork the orc
  7162 | D:6      | Found a staircase to the Ecumenical Temple.
  7173 | Temple   | Entered the Ecumenical Temple
  7208 | Temple   | Became a worshipper of Cheibriados the Contemplative
  7236 | D:6      | Reached XP level 9. HP: 64/65 MP: 16/18
  7709 | D:7      | Reached * piety under Cheibriados
  8456 | D:7      | Noticed Harold
  8467 | D:7      | Gained mutation: You have large cloven feet. [potion of
                  | mutation]
  8467 | D:7      | Gained mutation: You occasionally shout uncontrollably at
                  | your foes. [potion of mutation]
  8467 | D:7      | Gained mutation: You have hoof-like feet. [potion of
                  | mutation]
  8467 | D:7      | HP: 1/66 [Harold (3)]
  8470 | D:7      | Mangled by Harold

Illustrated notes

Levels and vault maps discovered:
D:1:      ebering_trefoil_twist, layout_loops_ring, serial_shops, shop
D:2:      layout_basic, dreamdust_ecumenical_altar_statues
D:3:      layout_basic, makhleb_altar_promises_db
D:4:      layout_cave_pods, serial_shops, nicolae_lakefront_shop,
          nicolae_ossuary_entry_plus, uniq_crazy_yiuf_cottage
D:5:      layout_rooms, uniq_sigmund, uniq_edmund
D:6:      layout_rooms, grunt_temple_overflow_magic_moments,
          nicolae_yredelemnul_corpse_copse, temple_fountains, uniq_blork_the_orc
D:7:      layout_loops_cross, minmay_unpleasant_kobolds, uniq_harold
Temple:   minmay_crystal_spiral_temple

Skill      XL: |  1  2  3  4  5  6  7  8  9 |
---------------+----------------------------+-----
Transmutations | 2 3 4 |  4.3
Spellcasting   | 5 6 |  6.7
Invocations    | 1 2 3 4 |  4.9
Fighting       | 1 2 3 4 |  4.4
Short Blades   | 1 2 3 4 |  4.4
Long Blades    | 1 2 3 4 |  4.4
Axes           | 1 2 3 4 |  4.4
Maces & Flails | 1 2 3 4 |  4.4
Polearms       | 1 2 3 4 |  4.4
Staves         | 1 2 3 4 |  4.4
Slings         | 1 2 3 4 |  4.4
Bows           | 1 2 3 4 |  4.4
Crossbows      | 1 2 3 4 |  4.4
Throwing       | 1 2 3 4 |  4.4
Armour         | 1 2 3 4 |  4.4
Shields        | 1 2 3 4 |  4.4
Unarmed Combat | 1 2 3 4 |  4.4
Evocations     | 1 2 3 4 |  4.4
Conjurations   | 1 2 3 |  3.6
Hexes          | 1 2 3 |  3.6
Summonings     | 1 2 3 |  3.6
Necromancy     | 1 2 3 |  3.6
Translocations | 1 2 3 |  3.6
Fire Magic     | 1 2 3 |  3.6
Ice Magic      | 1 2 3 |  3.6
Air Magic      | 1 2 3 |  3.6
Poison Magic   | 1 2 3 |  3.6
Dodging        | 5 6 |  6.4
Stealth        | 5 6 |  6.1
Earth Magic    | 6 |  6.6

Action                   |  1- 3 |  4- 6 |  7- 9 || total
-------------------------+-------+-------+-------++-------
Melee: Dagger            |   101 |    48 |       ||   149
       Unarmed           |     9 |       |       ||     9
       Bite              |    10 |     9 |    10 ||    29
       Punch             |     1 |       |     2 ||     3
       Hand axe          |       |     7 |   108 ||   115
 Cast: Sandblast         |    25 |    67 |    69 ||   161
       Stone Arrow       |       |     2 |    20 ||    22
  Use: Scroll            |       |     8 |     4 ||    12
       Potion            |       |       |    13 ||    13
 Stab: Sleeping          |     6 |     1 |     4 ||    11
Armor: Robe              |    25 |    21 |    34 ||    80
Dodge: Dodged            |    88 |    71 |   128 ||   287
